[Event "Summer Chess Classic-A 2022"]
[Site "Saint Louis"]
[Date "2022.06.08"]
[Round "7.3"]
[White "Hakobyan, Aram"]
[Black "Oparin, Grigoriy"]
[Result "1/2-1/2"]
[ECO "E20"]
[WhiteElo "2615"]
[BlackElo "2685"]
[Annotator "TA"]
[PlyCount "110"]
[EventDate "2022.05.31"]
[EventType "tourn"]
[EventCountry "USA"]
[SourceTitle "playchess.com"]
[Source "ChessBase"]
[SourceQuality "1"]
[TimeControl "40/5400+30:1800+30"]

1. d4 Nf6 2. c4 e6 3. Nc3 Bb4 4. Nf3 c5 5. g3 cxd4 6. Nxd4 O-O 7. Bg2 d5 8. cxd5 Nxd5 9. Qb3 Qa5 10. Bd2 Nc6 11. Nxc6 bxc6 12. O-O Bxc3 {[%emt 0:01:05] E20: Nimzo-Indian: 4 g3 and 4 f3.} 13. bxc3 Ba6 14. Rfd1 Qc5 {[%emt 0:07:38] Against c4. White has an edge.} 15. e4 Nb6 16. Be3 Qh5 17. Bxb6 Rab8 {[%emt 0:16:42][%mdl 64] Pin} 18. Qa3 ({Inferior is} 18. g4 Qxg4 19. Rd7 axb6 $17) 18... Rxb6 19. Rd7 Rfb8 {[%emt 0:05:04] Threatens to win with ...Rb1+.} 20. h4 {[%emt 0:12:33] [#]} g5 $146 ({Predecessor:} 20... h6 21. Qe7 R8b7 22. Qe8+ Kh7 23. Rad1 Bc4 24. Rd8 Rb8 25. Qg8+ Kg6 26. R1d7 {1-0 (26) Parligras,M (2586)-Dolana,A (2346) Olanesti 2016}) 21. Qa5 {[%emt 0:32:43] White is more active.} ({Reject} 21. Rxa7 $6 gxh4 22. Rxa6 Rxa6 23. Qxa6 hxg3 24. fxg3 Qc5+ 25. Kh2 Qh5+ 26. Kg1 Qc5+ 27. Kh2 Qh5+ 28. Kg1 $11) (21. Qe7 $16) 21... Be2 $11 {[%emt 0:10:56] Prevents Rad1.} 22. Qxg5+ Qxg5 23. hxg5 Rb1+ 24. Rxb1 Rxb1+ {[%emt 0:00:04][%mdl 4096] Endgame KRB-KRB} 25. Kh2 Rb2 26. Rxa7 Bb5 27. Kg1 Rb1+ $1 28. Kh2 Rb2 $1 29. a4 Bc4 ({Better is} 29... Bd3 $1 $14) 30. Kg1 Rb1+ $1 31. Kh2 Rb2 32. a5 Rxf2 33. a6 Ra2 {[%emt 0:02:01] Hoping for ...Bf1.} 34. Ra8+ Kg7 {[%emt 0:00:04] And now ...Bf1 would win.} 35. a7 e5 36. Kg1 Be6 {[%emt 0:00:33] Against Bh3} 37. Bf1 Ra1 38. Kf2 Ra2+ 39. Ke3 Ra3 40. Kd2 Ra2+ 41. Kc1 Ra1+ 42. Kb2 Ra2+ 43. Kb1 {[%emt 0:00:37] Black must now prevent c4.} Ra3 44. Be2 Ra5 45. Bd1 Ra6 46. Be2 Ra5 47. Kc2 {[%emt 0:00:44] White is clearly better.} Ra2+ 48. Kd3 Ra3 49. Bd1 Ra1 50. Bc2 Ra3 51. Kd2 Ra2 52. Kc1 Ra1+ 53. Kb2 Ra2+ {[%emt 0:00:00] [#]} 54. Kb1 $1 Ra5 {[%emt 0:00:00] [#]} 55. Bd3 $1 Ra3 {[%emt 0:00:00] Weighted Error Value: White=0.12 (very precise) /Black=0.05 (flawless)} 1/2-1/2

[Event "Summer Chess Classic-A 2022"]
[Site "Saint Louis"]
[Date "2022.06.08"]
[Round "7.4"]
[White "Mishra, Abhimanyu"]
[Black "Yu, Yangyi"]
[Result "1/2-1/2"]
[ECO "B40"]
[WhiteElo "2535"]
[BlackElo "2710"]
[Annotator "TA"]
[PlyCount "80"]
[EventDate "2022.05.31"]
[EventType "tourn"]
[EventCountry "USA"]
[SourceTitle "playchess.com"]
[Source "ChessBase"]
[SourceQuality "1"]
[TimeControl "40/5400+30:1800+30"]

1. e4 c5 2. Nf3 e6 3. g3 d5 4. exd5 exd5 5. d4 cxd4 6. Nxd4 {[%emt 0:07:37] B40: Sicilian: 2...e6, Unusual lines.} Nc6 7. Bg2 {[%emt 0:01:23] Active counter play!} Bc5 8. c3 {[%emt 0:08:54] White has an edge.} Nf6 {[%emt 0:02:22] The position is equal.} 9. O-O O-O 10. Be3 {[%emt 0:02:13] [#] Nxc6 is the strong threat.} Bb6 {[%emt 0:04:52] [#]} 11. h3 $146 ({Predecessor:} 11. Na3 Re8 12. Nac2 Bg4 13. f3 Bh5 14. Bf4 Bg6 15. Kh1 Nh5 16. Bd2 Qf6 17. Be1 {1-0 (67) Shkapenko,P (2406)-Szelag,M (2469) Gorzow Wielkopolski 2014}) 11... Re8 12. Nd2 Nxd4 13. cxd4 Bf5 14. Nf3 Be4 15. Ne5 Nd7 16. Nd3 Nf8 17. Nc5 Bxg2 18. Kxg2 Ne6 19. b4 Bxc5 20. bxc5 b6 21. cxb6 axb6 22. a4 Qd7 23. Qb3 h6 24. Rfb1 Ra6 25. Qb5 (25. Qd3 {keeps more tension.} Rxa4 26. Rxa4 Qxa4 27. Rxb6 Rd8 28. Rb7) 25... Qxb5 26. axb5 Rxa1 27. Rxa1 $11 {[%emt 0:00:01][%mdl 4096] Endgame KRB-KRN} Nc7 28. Rc1 Nxb5 29. Rb1 Nd6 30. Rxb6 Nc4 31. Rb5 Nxe3+ 32. fxe3 Rxe3 33. Rxd5 {[%emt 0:00:06] KR-KR} Kf8 34. Ra5 g6 35. d5 Rd3 36. Ra8+ Ke7 37. Ra7+ Ke8 38. Ra8+ Ke7 39. Ra7+ Ke8 40. Ra8+ Ke7 {[%emt 0:00:05] A balanced but interesting game.  Weighted Error Value: White=0.03 (flawless) /Black=0.02 (flawless)} 1/2-1/2

[Event "Summer Chess Classic-A 2022"]
[Site "Saint Louis"]
[Date "2022.06.09"]
[Round "8.1"]
[White "Oparin, Grigoriy"]
[Black "Bjerre, Jonas Buhl"]
[Result "1-0"]
[ECO "E24"]
[WhiteElo "2685"]
[BlackElo "2610"]
[Annotator "TA"]
[PlyCount "89"]
[EventDate "2022.05.31"]
[EventType "tourn"]
[EventCountry "USA"]
[SourceTitle "playchess.com"]
[Source "ChessBase"]
[SourceQuality "1"]
[TimeControl "40/5400+30:1800+30"]

1. d4 Nf6 2. c4 e6 3. Nc3 Bb4 4. a3 Bxc3+ 5. bxc3 c5 6. f3 Nc6 {[%emt 0:01:25] is recently more successful than 6...d5.} 7. e4 cxd4 {[%emt 0:01:08] E24: Nimzo-Indian: Sämisch: Unusual Black 5th moves and 5...c5 sidelines.} 8. cxd4 {[%emt 0:00:13] [#]} d5 $146 ({Predecessor:} 8... Nxe4 9. fxe4 Qh4+ 10. Ke2 Qxe4+ 11. Be3 e5 12. Nf3 exd4 13. Nxd4 d5 14. cxd5 Bg4+ 15. Nf3 {1-0 (30) Zulfic,F (2160)-Silva,K (1873) Gold Coast 2019}) 9. cxd5 exd5 {[%emt 0:00:06] The position is equal.} 10. e5 Ng8 11. Be3 Nge7 12. Bd3 Qb6 13. Rb1 Qa5+ 14. Kf2 Qxa3 15. Ne2 $36 {[%emt 0:02:09][%mdl 2048] White fights for an advantage.} Bf5 (15... Qa5 $11) 16. Rb3 $16 Qa2 17. Rxb7 O-O 18. Bg5 f6 19. exf6 gxf6 20. Bf4 {[%emt 0:05:45] A strong pair of Bishops.} Rfe8 ({Black should try} 20... Rf7 $14) 21. Re1 $1 Bxd3 22. Qxd3 a5 23. Bd6 {[%emt 0:09:06] Inhibits Nb4. White is more active.} Ng6 $2 {[%emt 0:03:00] [#]} (23... Qc4 $16 24. Qxc4 dxc4) 24. h4 (24. Kg3 $1 $18) 24... Re6 $2 {[%emt 0:04:16][%mdl 8192] A mistake that costs the game.} (24... Qc4 $16 25. Qd2 (25. Qxc4 dxc4 26. h5 Nh4 $16) 25... Qa6) 25. h5 $18 Nge7 26. Bxe7 Nxe7 27. Rc1 {[%emt 0:04:59] And now Rc2 would win.} Re8 28. Kf1 {[%emt 0:03:53] Threatens to win with Nf4.} Ng6 {[%emt 0:05:14][%cal Re6e2] Inhibits Nf4.} 29. hxg6 Qxe2+ 30. Qxe2 {[%emt 0:00:05] Really sharp!} Rxe2 31. gxh7+ {[%emt 0:03:39][%mdl 4096] Endgame KRR-KRR} ({Don't play} 31. Rxh7 $6 f5 32. Ra7 Rd2 $16) 31... Kh8 32. Ra1 Rd2 33. Rxa5 Rxd4 {[%emt 0:00:06] [#]} 34. Rf7 {[%emt 0:00:11] Prevents Rf8.} Rd1+ $2 (34... f5 {is tougher.} 35. Rxf5 Rd1+ 36. Kf2 Rd2+ 37. Kg3 Ree2) 35. Kf2 d4 36. Rd5 {[%emt 0:01:32] Against Rd8} d3 37. Rdd7 d2 38. Kg3 (38. Rxf6 $142 Rh1 39. Rfd6) 38... Ra8 $2 (38... Rh1) 39. Rxf6 Re8 40. Rg6 {[%emt 0:00:36] White wants to mate with f4.} Rf8 41. Kg4 {[%emt 0:31:02] f4 would kill now.} Ra8 42. f4 {[%emt 0:00:27][%cal Bf3f4,Bf4f5][%mdl 32] White mates.} Rf8 43. Kg5 Ra8 44. f5 Rf8 45. g4 {[%emt 0:01:18] Weighted Error Value: White=0.26 (precise) /Black=0.59} 1-0

[Event "Summer Chess Classic-A 2022"]
[Site "Saint Louis"]
[Date "2022.06.09"]
[Round "8.2"]
[White "Theodorou, Nikolas"]
[Black "Sevian, Samuel"]
[Result "1-0"]
[ECO "E04"]
[WhiteElo "2567"]
[BlackElo "2703"]
[Annotator "TA"]
[PlyCount "113"]
[EventDate "2022.05.31"]
[EventType "tourn"]
[EventCountry "USA"]
[SourceTitle "playchess.com"]
[Source "ChessBase"]
[SourceQuality "1"]
[TimeControl "40/5400+30:1800+30"]

1. d4 {[%emt 0:00:03] Sumets,A} Nf6 2. c4 e6 3. Nf3 d5 4. g3 dxc4 5. Bg2 a6 6. O-O Nc6 (6... b5 {feels hotter.} 7. Ne5 Nd5 8. a4 Bb7) 7. Be3 {[%emt 0:00:20] E04: Open Catalan: 5 Nf3.} Bd7 8. Qc1 {[%emt 0:00:14] [#]} Bd6 $146 ({Predecessor:} 8... b5 9. b3 cxb3 10. axb3 Bd6 11. Ne1 Nd5 12. Nc3 Ncb4 13. Nxd5 exd5 14. Bd2 c6 15. Bxb4 Bxb4 {0-1 (44) Bluebaum,M (2634)-Naiditsch,A (2702) Karlsruhe/Baden-Baden 2017 CBM 178 [Sumets,A]}) 9. Qxc4 {[%emt 0:09:57] White is slightly better.} Ne7 10. Ne5 Bb5 11. Qc2 Nfd5 12. a4 Bc6 13. Bd2 a5 14. Nxc6 Nxc6 15. e3 Be7 16. Na3 O-O 17. Nc4 Bb4 18. Bc1 Qd7 19. b3 Rfd8 20. Bb2 Be7 21. Rad1 Qe8 22. e4 Ncb4 23. Qe2 Nb6 24. Ne3 Rac8 ({Better is} 24... Bf8) 25. d5 Nd7 26. dxe6 {[%emt 0:06:20] White is more active.} fxe6 27. Bh3 {[%emt 0:00:03] This bishop pair is nice.} Nf8 28. Qc4 Qf7 {[%emt 0:02:23] Inhibits Nf5.} 29. Rxd8 Bxd8 30. Ng4 Nc6 31. Qb5 Rb8 32. f4 {[%emt 0:02:05][%cal Bf2f4,Bf4f5][%mdl 32] Hoping for f5.} h5 33. Ne3 Be7 34. e5 (34. Kh1 $18) 34... Rd8 {[%emt 0:00:59] [#]} (34... h4 $16) 35. f5 $1 $18 Bg5 {[%emt 0:00:39] [#]} 36. Nc4 exf5 37. Bxf5 Qd5 38. Qxd5+ ({Stronger than} 38. Qxb7 Rb8 39. Qxc7 Rxb3 $11) 38... Rxd5 39. Be4 Rd8 40. Bxc6 bxc6 41. Nxa5 c5 (41... Be3+ $16 {was necessary.} 42. Kh1 Rd3 43. Nxc6 Rxb3) 42. Bc1 Bxc1 43. Rxc1 {[%emt 0:00:00][%mdl 4096] Endgame KRN-KRN} Ne6 44. Nb7 Rd2 (44... Rb8 $142) 45. Nxc5 Nd4 {[%emt 0:00:41] Threatens to win with ...Ne2+.} 46. Rf1 Re2 47. Rf4 Re1+ 48. Kf2 Re2+ 49. Kf1 Rxe5 50. Rxd4 Rxc5 {[%emt 0:00:05] KR-KR} 51. Rc4 {[%emt 0:00:00] Prevents Rc3.} Rf5+ 52. Kg2 c5 (52... Rf8 $142 53. b4 Ra8) 53. a5 {[%emt 0:00:19][%cal Ba4a5,Ba5a6,Ba6a7][%mdl 32] Black must now prevent a6.} Rd5 54. a6 Rd2+ 55. Kf1 Rxh2 56. a7 Ra2 57. Ra4 {[%emt 0:00:05] Weighted Error Value: White=0.08 (flawless) /Black=0.38} 1-0

[Event "Summer Chess Classic-A 2022"]
[Site "Saint Louis"]
[Date "2022.06.09"]
[Round "8.3"]
[White "Smirin, Ilia"]
[Black "Mishra, Abhimanyu"]
[Result "1/2-1/2"]
[ECO "B70"]
[WhiteElo "2599"]
[BlackElo "2535"]
[Annotator "TA"]
[PlyCount "95"]
[EventDate "2022.05.31"]
[EventType "tourn"]
[EventCountry "USA"]
[SourceTitle "playchess.com"]
[Source "ChessBase"]
[SourceQuality "1"]
[TimeControl "40/5400+30:1800+30"]

1. e4 c5 2. Ne2 Nf6 3. Nbc3 d6 4. g3 g6 5. d4 cxd4 6. Nxd4 Nc6 7. Nde2 Bg7 8. Bg2 O-O 9. O-O Rb8 10. a4 a6 11. Nd5 $1 {[%emt 0:03:11] 11.Nd5 scores better than 11.h3.} b5 12. axb5 axb5 13. Bg5 {[%emt 0:03:07] B70: Sicilian Dragon: 6 g3 and 6 Be2 (without a later Be3).} Ng4 14. h3 h6 15. Bd2 {[%emt 0:09:16] The position is equal.} ({Much weaker is} 15. hxg4 hxg5 16. Qd2 (16. Nec3 b4 $17) 16... Bxb2 $17) 15... Nge5 16. b3 e6 {[%emt 0:09:38] [#]} 17. Nb4 $146 ({Predecessor:} 17. Ne3 Qb6 18. Kh2 Bb7 19. Rc1 Rbc8 20. f4 Nd7 21. Ng4 h5 22. Be3 Qc7 23. Nf2 {0-1 (48) Pucher,S (2294)-Svane,R (2501) Metz 2014}) 17... Bb7 18. Bc3 Qb6 19. Nxc6 ({Avoid the trap} 19. Qxd6 $2 Rfd8 20. Bd4 Nf3+ 21. Bxf3 Bxd4 22. Qxc6 Bxc6 $19) 19... Qxc6 20. Bb4 Rfd8 21. Nd4 Qd7 ({Don't play} 21... Qb6 22. Ba5 Qc5 23. Bxd8 Rxd8 24. Ra5 $16) 22. Ra7 Ra8 23. Rxa8 Rxa8 24. Qe2 Nc6 25. Nxc6 Qxc6 26. Rd1 Rd8 27. Rd3 (27. h4 {with more complications.} Bc3 28. Bxc3 Qxc3 29. Qxb5 Qxc2 30. Rd4) 27... f5 28. Qd2 (28. h4 {seems wilder.} fxe4 29. Qg4 Kf7 30. Qf4+) 28... fxe4 29. Rxd6 Rxd6 30. Qxd6 Qxd6 31. Bxd6 $14 {[%emt 0:00:06][%mdl 4096] Endgame KBB-KBB} Bc3 32. Kf1 e5 33. Ke2 Kf7 34. h4 h5 35. Bh3 b4 36. Bc5 Kf6 37. Bd7 Ba6+ 38. Ke3 Bb7 {[%emt 0:00:05] Inhibits Bc6.} 39. Be8 Bd5 40. Bb6 Bb7 41. Bb5 Ke7 42. Bc5+ Kf6 43. Ke2 Bd5 44. Be3 {[%emt 0:00:00] [#] aiming for Bd2.} Bd4 45. Bg5+ {[%emt 0:00:00] White is slightly better.} Kf7 $1 46. Bd2 Bc5 47. Be3 Bd4 48. Bd2 {[%emt 0:00:00] Weighted Error Value: White=0.03 (flawless) /Black=0.04 (flawless)} ({White should try} 48. Ke1 $14) 1/2-1/2

[Event "Summer Chess Classic-A 2022"]
[Site "Saint Louis"]
[Date "2022.06.09"]
[Round "8.4"]
[White "Yu, Yangyi"]
[Black "Hakobyan, Aram"]
[Result "1-0"]
[ECO "D37"]
[WhiteElo "2710"]
[BlackElo "2615"]
[Annotator "TA"]
[PlyCount "125"]
[EventDate "2022.05.31"]
[EventType "tourn"]
[EventCountry "USA"]
[SourceTitle "playchess.com"]
[Source "ChessBase"]
[SourceQuality "1"]
[TimeControl "40/5400+30:1800+30"]

1. d4 Nf6 2. c4 e6 3. Nf3 d5 4. Nc3 a6 5. c5 b6 6. cxb6 {[%emt 0:00:10] D37: Queen's Gambit Declined: 5 Bf4.} cxb6 7. Bf4 Bd6 8. Bxd6 {[%emt 0:01:36] The position is equal.} Qxd6 9. e3 Nbd7 10. Bd3 Bb7 11. O-O O-O 12. Qb3 Rfc8 13. Rfc1 {[%emt 0:04:03] [#]} Rc6 $146 (13... Ne4 {feels hotter.} 14. Ne2 h6 15. a3 Qe7) ({Predecessor:} 13... Rc7 14. Rc2 Rac8 15. Rac1 b5 16. Ne2 Nb6 17. Rxc7 Rxc7 18. Rxc7 Qxc7 19. Ne5 Qd6 {½-½ (58) Yu,Y (2709)-Caruana,F (2842) Chess.com INT 2020}) 14. Rc2 Rac8 15. Rac1 h6 16. h3 Kf8 17. a3 (17. Qa4 {keeps more tension.} Qb8 18. Nd2 Qa8 19. b4) 17... Ne8 18. Qa4 b5 19. Qb3 R8c7 20. Qa2 Rc8 21. Nd2 b4 22. axb4 Qxb4 23. Nb3 Rb6 24. Na5 Ba8 25. Qa4 Qe7 26. Na2 Rcb8 27. b3 g6 28. b4 (28. Be2 {seems wilder.} Kg8 29. Rc8 Kg7 30. b4) 28... Kg7 29. Nb3 Bb7 30. Nc5 Bc8 31. Qa3 {[%emt 0:07:03] White is much more active.} ({But not} 31. Nxa6 $6 Bxa6 32. Bxa6 Ra8 $11) (31. Nxe6+ $6 Rxe6 32. Rxc8 Nb6 33. Rxe8 Rxe8 $11) 31... Nd6 32. Na4 R6b7 33. Rc6 Ra7 34. Qb2 Nf6 35. Nc5 a5 36. b5 Bd7 37. Nxd7 (37. Ra6 $14 {should be considered.} Rxa6 38. Nxa6) 37... Qxd7 $11 38. Qe2 Rab7 39. Nc3 Nfe4 40. Bxe4 Nxe4 41. Nxe4 dxe4 42. R1c5 a4 43. Qc4 a3 44. d5 a2 (44... exd5 $11 {keeps the balance.} 45. Rxd5 Qe7) 45. Qxa2 $16 Rxb5 46. Qa1+ ({Much weaker is} 46. dxe6 $6 Qd1+ 47. Kh2 Rxc5 $11) 46... Kh7 {[%emt 0:00:00] [#]} 47. Qe5 $1 Rxc5 48. Rxc5 {[%emt 0:00:00][%mdl 4096] Endgame KQR-KQR} Rb1+ 49. Kh2 {[%emt 0:00:00] Threatens to win with Rc7.} Rb7 {[%emt 0:02:03] [#] Inhibits Rc7.} (49... Rd1 $16) 50. d6 $1 $18 {[%emt 0:00:00] And now Rc7 would win.} f6 (50... Rb6 $2 51. Rc7 Qxd6 52. Rxf7+ Kg8 53. Rg7+ Kh8 54. Qxd6 Rxd6 55. Rxg6 $18) 51. Qd4 ({Not} 51. Qxf6 Qxd6+ 52. Qe5 Qf8 $16) 51... h5 52. g3 e5 53. Qxe4 Kh6 54. Rd5 Rb2 55. Kg2 {[%emt 0:00:00] Black must now prevent g4.} Rb6 56. Qd3 Kg7 $2 {[%emt 0:00:54][%mdl 8192] A mistake that costs the game.} (56... g5 $16 57. e4 Rb8) 57. e4 $2 (57. h4 {Strongly threatening e4.} Rb2 58. Qa3) 57... Rc6 $2 (57... g5 58. h4 g4) 58. Qb5 {[%emt 0:00:00][%cal Ob5c6] Qxc6! is the strong threat.} Kf7 59. Rd1 {[%emt 0:00:00] aiming for Qd5+.} Ke8 60. Qd5 Kd8 61. Qg8+ {[%emt 0:00:00] White mates.} Qe8 62. Qg7 Qe6 63. Ra1 {[%emt 0:00:49] Weighted Error Value: White=0.13 (very precise) /Black=0.29 (precise)} 1-0

[Event "Summer Chess Classic-A 2022"]
[Site "Saint Louis"]
[Date "2022.06.10"]
[Round "9.1"]
[White "Mishra, Abhimanyu"]
[Black "Theodorou, Nikolas"]
[Result "1/2-1/2"]
[ECO "C54"]
[WhiteElo "2535"]
[BlackElo "2567"]
[Annotator "TA"]
[PlyCount "94"]
[EventDate "2022.05.31"]
[EventType "tourn"]
[EventCountry "USA"]
[SourceTitle "playchess.com"]
[Source "ChessBase"]
[SourceQuality "1"]
[TimeControl "40/5400+30:1800+30"]

1. e4 e5 2. Nf3 Nc6 3. Bc4 Nf6 4. d3 Bc5 5. c3 a6 6. O-O Ba7 7. a4 {[%emt 0:01:52] C54: Giuoco Piano: 4 c3 Nf6, main lines with 5 d4 and 5 d3.} O-O 8. Re1 d6 9. h3 h6 10. Nbd2 Re8 11. b4 $1 {[%emt 0:01:58] The main line 11.b4 scores better than 11.Nf1.} Be6 12. Bxe6 Rxe6 13. Qc2 Qd7 14. Rb1 b5 {[%emt 0:00:14] The position is equal.} 15. Ra1 Rae8 16. Nf1 d5 17. Bd2 {[%emt 0:00:43] [#]} Rd8 $146 ({Predecessor:} 17... Bb6 18. Ng3 Rd8 19. a5 Ba7 20. Rac1 dxe4 21. dxe4 Rd6 22. Be3 Bxe3 23. Rxe3 Rd1+ {1-0 (57) Ragger,M (2647)-Wagner,D (2584) Terme Catez 2022}) 18. Ng3 dxe4 19. dxe4 Rd6 20. Be3 Bxe3 21. Rxe3 Rd1+ 22. Re1 Rxa1 23. Rxa1 Qd3 24. Qxd3 Rxd3 25. axb5 axb5 26. Rc1 g6 27. Kf1 Nd7 28. c4 bxc4 ({Don't do} 28... Nxb4 29. cxb5 Rb3 30. Rxc7 Rb1+ 31. Ke2 Rb2+ 32. Kd1 Rb1+ 33. Rc1 $16) 29. Rxc4 Rd1+ 30. Ke2 Rd6 31. b5 Na7 32. Rxc7 Nxb5 33. Rc8+ Kg7 34. Nf1 Nb6 35. Rc1 Na4 36. N1d2 Nbc3+ 37. Ke1 f6 38. Nc4 Rc6 39. Nfd2 h5 40. h4 Rc8 41. f3 Rb8 42. Kf2 Rd8 43. Ke1 Rb8 44. Kf2 Nb2 {[%emt 0:00:38] [#] Threatens to win with ...Nd3+.} 45. Nxb2 Rxb2 46. Rxc3 Rxd2+ 47. Kg3 Rd7 {[%emt 0:00:05] A balanced but interesting game.  Weighted Error Value: White=0.03 (flawless) /Black=0.02 (flawless)} 1/2-1/2

[Event "Summer Chess Classic-A 2022"]
[Site "Saint Louis"]
[Date "2022.06.10"]
[Round "9.2"]
[White "Hakobyan, Aram"]
[Black "Smirin, Ilia"]
[Result "1/2-1/2"]
[ECO "B30"]
[WhiteElo "2615"]
[BlackElo "2599"]
[Annotator "TA"]
[PlyCount "67"]
[EventDate "2022.05.31"]
[EventType "tourn"]
[EventCountry "USA"]
[SourceTitle "playchess.com"]
[Source "ChessBase"]
[SourceQuality "1"]
[TimeControl "40/5400+30:1800+30"]

1. e4 c5 2. Nf3 Nc6 3. Bb5 e6 4. Bxc6 bxc6 5. d3 Ne7 6. Nbd2 {[%emt 0:00:10] B30: Sicilian: 2...Nc6 3 Bb5, lines without ...g6.} f6 {[%emt 0:06:38] [#]} 7. Nh4 $146 ({Predecessor:} 7. Nb3 Ng6 8. Be3 d6 9. Nfd2 e5 10. Qh5 Be7 11. O-O O-O 12. f4 exf4 13. Bxf4 f5 {0-1 (32) Facchetti,G (2190)-Nijboer,F (2568) Porto San Giorgio 2004}) 7... e5 8. O-O {[%emt 0:01:47] White has an edge.} d6 9. f4 exf4 10. Rxf4 Be6 11. b3 Qd7 {[%emt 0:12:24] [#] White must now prevent ...g5.} 12. Bb2 O-O-O 13. Rf1 d5 14. Qe1 Ng6 15. Nhf3 Bd6 16. Qf2 Qc7 17. exd5 cxd5 18. d4 (18. b4 $5) 18... c4 19. bxc4 dxc4 20. Ne4 Bd5 {[%emt 0:01:05] A strong pair of Bishops.} 21. Nc3 Qc6 22. Rab1 Rhe8 {[%emt 0:01:26] The position is equal.} 23. Bc1 a6 24. Nh4 Nxh4 $1 25. Qxh4 Bc7 26. Qf2 g5 {[%emt 0:04:02] Inhibits Bf4.} 27. Nxd5 Rxd5 28. Ba3 {[%emt 0:04:57] Against Qd6} f5 29. Bc5 f4 30. Rfe1 Rdd8 31. Be7 Rd7 32. Bc5 ({Don't play} 32. Bxg5 Rg8 33. Be7 Rxd4 $17) 32... Rdd8 33. Be7 Rd7 34. Bc5 {[%emt 0:00:02] Weighted Error Value: White=0.05 (flawless) /Black=0.04 (flawless)} ({Of course not} 34. Bxg5 Rg8 35. Bh4 Rdg7 $17) 1/2-1/2

[Event "Summer Chess Classic-A 2022"]
[Site "Saint Louis"]
[Date "2022.06.10"]
[Round "9.3"]
[White "Bjerre, Jonas Buhl"]
[Black "Yu, Yangyi"]
[Result "0-1"]
[ECO "E06"]
[WhiteElo "2610"]
[BlackElo "2710"]
[Annotator "TA"]
[PlyCount "74"]
[EventDate "2022.05.31"]
[EventType "tourn"]
[EventCountry "USA"]
[SourceTitle "playchess.com"]
[Source "ChessBase"]
[SourceQuality "1"]
[TimeControl "40/5400+30:1800+30"]

1. d4 Nf6 2. c4 e6 3. Nf3 d5 4. g3 Be7 5. Bg2 O-O 6. Nc3 dxc4 7. Ne5 Nc6 8. Bxc6 {[%emt 0:00:32] E06: Closed Catalan: Early deviations.} bxc6 9. Nxc6 {[%emt 0:00:08] Pair of Knights!} Qe8 10. Nxe7+ {[%emt 0:00:07] White is slightly better.} Qxe7 11. Qa4 Nd5 12. O-O a5 {[%emt 0:00:27][%cal Ba7a5,Ba5a4][%mdl 32] [#]} 13. e4 $146 (13. Re1 $14 {might be stronger.}) ({Predecessor:} 13. Re1 Rd8 14. Qxc4 Qb4 15. Qxb4 Nxb4 16. Rd1 Nc2 17. Bg5 f6 18. Rac1 Nxd4 19. Be3 {½-½ (63) Svane,R (2637)-Nisipeanu,L (2652) Germany 2022}) 13... Nb4 $11 14. Be3 Bd7 15. Qd1 a4 16. Qe2 Nd3 17. Rab1 Rfb8 18. Qd2 a3 19. bxa3 Qxa3 20. Rxb8+ Rxb8 21. Rb1 Rxb1+ 22. Nxb1 Qa8 23. Qc2 Qxe4 24. Nd2 Qb7 {[%emt 0:04:42] aiming for ...Ne1.} 25. Qxc4 (25. Qb1 $1 $15 Qxb1+ 26. Nxb1) 25... Bb5 $17 {[%emt 0:01:34] 0x0.001762da3df8dp-1022s more active pieces.} 26. Qc2 Ne1 $1 27. Qe4 {[%emt 0:00:08] Prevents Qg2+.} Bc6 $40 {[%emt 0:00:26][%mdl 128] Black wants a kill.} 28. Qg4 Bf3 29. Qh3 {[%emt 0:03:00] [#]} (29. Qg5 $142 h6 30. Qc5) 29... Be2 $1 $19 {[%emt 0:08:48] ( -> ...Nf3+)} 30. f4 Nf3+ 31. Kf2 Nxd2 32. Kxe2 {[%emt 0:01:16][%mdl 4096] Endgame KQB-KQN} Nc4 {[%emt 0:00:39] And now ...Qb2+ would win.} 33. Qf1 {[%emt 0:03:04] [#]} Qb2+ $1 ({Worse is} 33... Qe4 34. Qc1 Qd5 35. Kf2 $17) 34. Kf3 Qxa2 35. Bc1 (35. Qe2 {was worth a try.} Qa8+ 36. Kf2) 35... Qc2 {[%emt 0:00:54] Black has a decisive advantage.} 36. Kg4 Qf5+ 37. Kf3 Qd5+ {[%emt 0:00:08] Weighted Error Value: White=0.17 (very precise) /Black=0.05 (flawless)} 0-1